[Event "Titled Tuesday Blitz March 21 Late 2023"]
[White "Thiel, Thomas"]
[Black "Kovacevic, Radmila"]
[WhiteFideId "4615964"]
[BlackFideId "933171"]
[WhiteElo "2264"]
[BlackElo "2194"]
[Result "0-1"]
[Round "11"]
[TimeControl "180+2"]
[Date "2023.03.21"]
[WhiteClock "0:00:01"]
[BlackClock "0:00:04"]

1. e4 e5 2. Nf3 f5 3. d4 fxe4 4. Nxe5 Nf6 5. Bg5 d6 6. Nc4 Be7 7. Ne3 O-O 8. Bc4+ Kh8 9. O-O c6 10. Bb3 b5 11. a4 b4 12. c4 a5 13. Nd2 Ne8 14. Bxe7 Qxe7 15. d5 c5 16. Bc2 Nf6 17. Re1 Re8 18. h3 Qf7 19. Nef1 Qg6 20. Ng3 Bf5 21. Ndf1 Re5 22. Nxf5 Qxf5 23. Ng3 Qf4 24. Qc1 e3 25. Rxe3 Qxc4 26. Rxe5 dxe5 27. Be4 Qd4 28. Qg5 Nbd7 29. Nf5 Qxf2+ 30. Kh1 Rg8 31. Ne7 Nxe4 32. Qg4 Ng3+ 33. Kh2 Qf4 34. Qxf4 exf4 35. Nxg8 Kxg8 36. Re1 Kf8 37. d6 c4 38. Re7 Nf6 39. Rc7 c3 40. bxc3 bxc3 41. Rc8+ Kf7 42. Rc7+ Ke6 43. Rxc3 Kxd6 44. Rb3 Nd5 45. Rb5 Nf1+ 0-1


[Site "https://www.chess.com"]

[Event "Titled Tuesday Blitz March 21 Late 2023"]
[White "Winkels, Marcel"]
[Black "Skaric, Djuro"]
[WhiteFideId "1003887"]
[BlackFideId "934569"]
[WhiteElo "1900"]
[BlackElo "2282"]
[Result "0-1"]
[Round "11"]
[TimeControl "180+2"]
[Date "2023.03.21"]
[WhiteClock "0:00:15"]
[BlackClock "0:00:57"]

1. d4 d6 2. Nf3 Nf6 3. Bf4 g6 4. e3 Bg7 5. h3 O-O 6. Nc3 Nc6 7. Bb5 Nd7 8. O-O h6 9. d5 Nce5 10. Nxe5 dxe5 11. Bh2 f5 12. Bc4 Kh7 13. e4 f4 14. f3 g5 15. a4 Rf6 16. a5 a6 17. Ra3 Rg6 18. Na4 h5 19. Be2 Nf6 20. c4 g4 21. Kh1 g3 22. Bg1 Bd7 23. Nc5 Bc8 24. Ne6 Qg8 25. Nxc7 Rb8 26. Ba7 Bd7 27. Bxb8 Qxb8 28. Ne6 Kh6 29. Rb3 Nh7 30. c5 Qc8 31. c6 bxc6 32. Rb6 Bxe6 33. dxe6 Qxe6 34. Qc2 Ng5 35. Bc4 Qd7 36. Bxa6 Nxh3 37. gxh3 Qxh3+ 38. Kg1 g2 39. Rc1 Qh1+ 40. Kf2 g1=Q+ 41. Rxg1 Qxg1+ 42. Ke2 Rg2+ 43. Kd3 Qd4# 0-1


[Site "https://www.chess.com"]

[Event "Titled Tuesday Blitz March 21 Late 2023"]
[White "dorpato"]
[Black "Harish, Neeraj"]
[BlackFideId "30958130"]
[WhiteElo "2026"]
[BlackElo "1963"]
[Result "1-0"]
[Round "11"]
[TimeControl "180+2"]
[Date "2023.03.21"]
[WhiteClock "0:00:19"]
[BlackClock "0:00:17"]

1. d4 d5 2. c4 e6 3. Nc3 Nf6 4. Nf3 Be7 5. Bf4 O-O 6. e3 Nbd7 7. c5 Ne4 8. Bd3 f5 9. Bxe4 fxe4 10. Ne5 Nxe5 11. Bxe5 c6 12. O-O b6 13. b4 a5 14. a3 Ba6 15. Re1 Bh4 16. g3 Be7 17. Na4 bxc5 18. bxc5 Rf3 19. Nb6 Ra7 20. Rb1 Qf8 21. Qd2 Bd8 22. Rb2 h5 23. Na4 Raf7 24. Rc1 Kh7 25. Rcc2 Bb5 26. Nc3 Bd3 27. Rc1 Bg5 28. Rb8 Qe7 29. Nd1 h4 30. Rc3 Bb5 31. Rc2 hxg3 32. hxg3 Ba4 33. Rcb2 Bxd1 34. Qxd1 Rxf2 35. Rxf2 Bxe3 36. Qh5+ 1-0


[Site "https://www.chess.com"]

[Event "Titled Tuesday Blitz March 21 Late 2023"]
[White "Gallegos Diaz, Carlos Alberto"]
[Black "Vaglio Munoz, Jaime"]
[WhiteFideId "3900886"]
[BlackFideId "6500145"]
[WhiteElo "2362"]
[BlackElo "2199"]
[Result "1-0"]
[Round "11"]
[TimeControl "180+2"]
[Date "2023.03.21"]
[WhiteClock "0:00:12"]
[BlackClock "0:00:26"]

1. e4 c5 2. Nc3 Qa5 3. g3 a6 4. Bg2 b5 5. e5 Ra7 6. a4 e6 7. Nf3 Bb7 8. O-O b4 9. Ne2 d5 10. exd6 Bxd6 11. d4 Nf6 12. dxc5 Bxc5 13. Ned4 Qd8 14. Nb3 Be7 15. Qxd8+ Bxd8 16. Nc5 Bd5 17. Ne5 Be7 18. Ncd3 Nbd7 19. Be3 Rc7 20. Nxd7 Kxd7 21. Ne5+ Kc8 22. Nxf7 Rf8 23. Ng5 h6 24. Bxd5 hxg5 25. Bxe6+ Kb7 26. Bxg5 Rxc2 27. b3 Bc5 28. Bc4 Rd8 29. Be3 Bxe3 30. fxe3 Rdd2 31. Rf5 Rg2+ 32. Kf1 Ne4 33. Bd5+ Kb6 34. Bxe4 Ra2 35. Bxg2 Rxa1+ 36. Kf2 Ra2+ 37. Kf1 Ra1+ 38. Kf2 Ra2+ 39. Kg1 Rb2 40. Bd5 Rd2 41. Bc4 a5 42. Rf2 Rd1+ 43. Kg2 Re1 44. Kf3 Kc5 45. h4 Kd6 46. Ke4 Rg1 47. Rf3 g6 48. Kf4 Ke7 49. e4 Kf6 50. e5+ Kg7 51. Ke4 Rd1 52. Ke3 Re1+ 53. Kf4 Kh6 54. Re3 Rf1+ 55. Ke4 Kg7 56. e6 Kf6 57. Rf3+ Ke7 58. Rxf1 g5 59. Rf4 gxf4 60. gxf4 Kf6 61. f5 Ke7 62. Ke5 Ke8 63. f6 Kf8 64. h5 Ke8 65. h6 Kf8 66. h7 Ke8 67. h8=Q# 1-0


[Site "https://www.chess.com"]

[Event "Titled Tuesday Blitz March 21 Late 2023"]
[White "salgadoLO"]
[Black "Kostiukov, Alexandr"]
[BlackFideId "14108100"]
[WhiteElo "2197"]
[BlackElo "2202"]
[Result "1-0"]
[Round "11"]
[TimeControl "180+2"]
[Date "2023.03.21"]
[WhiteClock "0:00:14"]
[BlackClock "0:00:02"]

1. d4 g6 2. e4 Bg7 3. Nc3 d6 4. f4 e5 5. dxe5 dxe5 6. Qxd8+ Kxd8 7. Nf3 Nc6 8. fxe5 Nxe5 9. Bg5+ Ke8 10. O-O-O Bg4 11. Be2 Nxf3 12. gxf3 Bxc3 13. bxc3 Be6 14. Kb2 f6 15. Bf4 Rc8 16. Be3 b6 17. Bb5+ Ke7 18. Bf4 g5 19. Bg3 a5 20. Rd4 Nh6 21. h4 g4 22. f4 f5 23. e5 Rhd8 24. h5 Nf7 25. Bh4+ Kf8 26. Bxd8 Nxd8 27. Bd7 Rb8 28. Bxe6 Nxe6 29. Rd7 b5 30. Rxh7 Kg8 31. Re7 Nxf4 32. Rf1 Nd5 33. Rd7 Ne3 34. Re1 f4 35. h6 b4 36. Rg7+ Kh8 37. c4 Nxc4+ 38. Kb3 Ne3 39. Ka4 c5 40. Kxa5 g3 41. e6 Re8 42. e7 Nf5 43. Rf7 Nxh6 44. Rf8+ 1-0


[Site "https://www.chess.com"]

[Event "Titled Tuesday Blitz March 21 Late 2023"]
[White "Prieto Aranguren, Alain"]
[Black "Fernandez Hernandez, Gerardo"]
[WhiteFideId "2268906"]
[BlackFideId "2207400"]
[WhiteElo "2209"]
[BlackElo "2206"]
[Result "1-0"]
[Round "11"]
[TimeControl "180+2"]
[Date "2023.03.21"]
[WhiteClock "0:01:01"]
[BlackClock "0:00:02"]

1. e4 c5 2. Nf3 Nc6 3. Bb5 g6 4. O-O Bg7 5. Re1 e5 6. Nc3 Nge7 7. d3 O-O 8. Bg5 f6 9. Bh4 a6 10. Bc4+ Kh8 11. a4 Nb4 12. Qd2 d5 13. exd5 Bg4 14. Ne4 Bxf3 15. gxf3 Nbxd5 16. Nxc5 Qc8 17. Ne4 Qh3 18. Bg3 Bh6 19. Qe2 Nf4 20. Qf1 Qh5 21. Nd6 Kg7 22. Bxf4 Bxf4 23. Qg2 Kh6 24. Ne4 Nf5 25. Ng3 Nh4 26. Nxh5 Nxg2 27. Kxg2 Kxh5 28. Bd5 1-0


[Site "https://www.chess.com"]

[Event "Titled Tuesday Blitz March 21 Late 2023"]
[White "Picard, Romain"]
[Black "rionelG"]
[WhiteFideId "627216"]
[WhiteElo "2225"]
[BlackElo "2247"]
[Result "0-1"]
[Round "11"]
[TimeControl "180+2"]
[Date "2023.03.21"]
[WhiteClock "0:00:01"]
[BlackClock "0:00:13"]

1. e4 c5 2. Nf3 d6 3. Bb5+ Nd7 4. Ba4 Nf6 5. O-O Nxe4 6. Re1 Nf6 7. d4 cxd4 8. Nxd4 e6 9. c4 Be7 10. Nb5 O-O 11. Nxd6 Nc5 12. Nxc8 Qxc8 13. Bc2 Rd8 14. Qe2 Qc6 15. Nc3 Rac8 16. b3 Nfd7 17. Rb1 Bf6 18. Ne4 Nxe4 19. Bxe4 Qc7 20. Be3 g6 21. g3 b6 22. Red1 Nc5 23. Bf3 Rxd1+ 24. Rxd1 Rd8 25. Kg2 Rd7 26. Bf4 Qd8 27. Rxd7 Qxd7 28. h4 h5 29. Be3 Qd6 30. Bf4 Qd4 31. Bb8 a5 32. Bc7 Nd3 33. Bb8 Nb4 34. Bf4 Qb2 35. Qxb2 Bxb2 36. Bc7 Bd4 37. a3 Nc2 38. a4 Bc5 39. Kf1 Nd4 40. Bd1 Kf8 41. Ke1 Ke7 42. Bf4 f6 43. Be3 e5 0-1


[Site "https://www.chess.com"]

[Event "Titled Tuesday Blitz March 21 Late 2023"]
[White "Clawitter, Craig"]
[Black "Oliveira, Tiago Batista"]
[WhiteFideId "2023105"]
[BlackFideId "2108291"]
[WhiteElo "2227"]
[BlackElo "1962"]
[Result "0-1"]
[Round "11"]
[TimeControl "180+2"]
[Date "2023.03.21"]
[WhiteClock "0:00:20"]
[BlackClock "0:00:11"]

1. e4 c5 2. Nf3 Nc6 3. d4 cxd4 4. Nxd4 Nf6 5. Nc3 d6 6. Bc4 e6 7. Be3 Be7 8. Qe2 O-O 9. O-O-O Qa5 10. Bb3 Bd7 11. g4 Rfc8 12. g5 Ne8 13. f4 a6 14. f5 Nxd4 15. Rxd4 exf5 16. Nd5 Bf8 17. exf5 Bxf5 18. Rf4 Bg6 19. Nb6 Nc7 20. Rc4 d5 21. Rc3 d4 22. Bxd4 Qxg5+ 23. Kb1 Qd8 24. Rd1 Nb5 25. Rxc8 Rxc8 26. Nxc8 Qxc8 27. Qc4 Qg4 28. Rg1 Qh4 29. Bc3 Qxh2 30. Rd1 Nd6 31. Rxd6 Qxd6 32. a3 Qd1+ 33. Ka2 Bxc2 34. Bb4 Bxb3+ 35. Qxb3 Qxb3+ 36. Kxb3 Bxb4 37. Kxb4 h5 38. Kc5 h4 39. Kb6 h3 40. Kxb7 h2 41. Kxa6 h1=Q 42. b4 Qa1 43. b5 Qxa3+ 44. Kb7 Qb4 45. b6 g5 46. Kc7 g4 47. b7 g3 48. b8=Q+ Qxb8+ 49. Kxb8 g2 50. Kc7 g1=Q 51. Kd6 Qe1 52. Kd5 f5 53. Kc6 f4 54. Kb7 f3 55. Ka8 f2 56. Kb7 f1=Q 57. Ka8 Qd3 58. Kb7 Qc1 59. Ka8 Qb3 60. Ka7 Qa1# 0-1


[Site "https://www.chess.com"]

[Event "Titled Tuesday Blitz March 21 Late 2023"]
[White "Ricaurte Lopez, Juan Carlos"]
[Black "Li, Hui"]
[WhiteFideId "3600327"]
[BlackFideId "15400310"]
[WhiteElo "2209"]
[BlackElo "1967"]
[Result "0-1"]
[Round "11"]
[TimeControl "180+2"]
[Date "2023.03.21"]
[WhiteClock "0:00:01"]
[BlackClock "0:00:06"]

1. e4 e5 2. d4 exd4 3. c3 dxc3 4. Nxc3 Nc6 5. Bc4 d6 6. Nf3 Be7 7. h4 Nf6 8. h5 Bg4 9. Qb3 O-O 10. Qxb7 Na5 11. Qa6 Nxc4 12. Qxc4 Bxh5 13. Nd4 Bg6 14. Bg5 h6 15. Bh4 c5 16. Nc6 Qd7 17. Nxe7+ Qxe7 18. O-O-O Qe6 19. Qxe6 fxe6 20. Rxd6 Nxe4 21. Rxe6 Nxc3 22. Rxg6 Nxa2+ 23. Kb1 Nb4 24. Rd1 Kh7 25. Rgd6 Rf7 26. f3 Re8 27. b3 Re2 28. R1d2 Rxd2 29. Rxd2 g5 30. Bf2 Rc7 31. Kb2 Kg6 32. Kc3 Rc6 33. Kc4 Na6 34. Ra2 Kf5 35. Ra5 Ke6 36. Bxc5 Nxc5 37. Rxc5 Rd6 38. Kc3 a6 39. b4 Kf6 40. g4 Kg6 41. Rf5 h5 42. Re5 h4 43. Re2 Rf6 44. Rf2 Rd6 45. Kc4 Kf6 46. f4 gxf4 47. Rxf4+ Kg5 48. Re4 Rh6 49. Kd5 h3 50. Re1 h2 51. Rh1 Kxg4 52. Ke4 Kg3 53. Ke3 Kg2 54. Rxh2+ Kxh2 0-1


[Site "https://www.chess.com"]

[Event "Titled Tuesday Blitz March 21 Late 2023"]
[White "Stead, Kerry"]
[Black "Barria Santos, Jose Guilherme"]
[WhiteFideId "3202577"]
[BlackFideId "1939300"]
[WhiteElo "1997"]
[BlackElo "2301"]
[Result "1-0"]
[Round "11"]
[TimeControl "180+2"]
[Date "2023.03.21"]
[WhiteClock "0:01:12"]
[BlackClock "0:00:02"]

1. d4 Nf6 2. f3 g6 3. e4 d6 4. Be3 Bg7 5. Qd2 O-O 6. a4 Re8 7. Ne2 Nbd7 8. Na3 c5 9. Nc3 cxd4 10. Bxd4 a6 11. O-O-O Qa5 12. Nc4 Qb4 13. a5 Nc5 14. Nd5 Qxd2+ 15. Rxd2 Nxd5 16. Bxg7 Kxg7 17. exd5 b5 18. axb6 Bb7 19. Ne3 Rac8 20. Kd1 Na4 21. c3 Nxb6 22. Be2 Rc5 23. c4 Rec8 24. b3 Ra5 25. Kc2 Nxd5 26. Nxd5 Bxd5 27. Kb2 Be6 28. g4 Rb8 29. Kc3 Rc5 30. b4 Rc7 31. Ra1 Rbc8 32. Rd4 d5 33. c5 Ra7 34. Rxa6 Rxa6 35. Bxa6 Ra8 36. b5 Bc8 37. Bxc8 Rxc8 38. Kb4 e6 39. c6 Kf8 40. Kc5 Ke7 41. b6 Ra8 42. b7 Ra1 43. b8=Q Rc1+ 44. Kb6 1-0


[Site "https://www.chess.com"]

[Event "Titled Tuesday Blitz March 21 Late 2023"]
[White "Jesusesmifuerza"]
[Black "lisjakzlatko1"]
[WhiteElo "2048"]
[BlackElo "2157"]
[Result "0-1"]
[Round "11"]
[TimeControl "180+2"]
[Date "2023.03.21"]
[WhiteClock "0:00:04"]
[BlackClock "0:00:23"]

1. d4 d6 2. Nc3 Nf6 3. e4 c6 4. f4 Qa5 5. Bd3 e5 6. Nf3 Nbd7 7. dxe5 dxe5 8. f5 b5 9. O-O Be7 10. Bd2 Qb6+ 11. Kh1 O-O 12. Qe2 Re8 13. Be3 Bc5 14. Bxc5 Nxc5 15. b4 Nxd3 16. cxd3 a5 17. a3 c5 18. bxc5 Qxc5 19. Rfc1 Qb6 20. Rab1 Bd7 21. Qd2 b4 22. axb4 axb4 23. Ne2 Reb8 24. Rb2 Ng4 25. d4 Ra3 26. Kg1 f6 27. Rcb1 b3 28. h3 Nh6 29. Kh2 exd4 30. Qxd4 Qc7+ 31. Kh1 Nf7 32. Rd1 Bb5 33. Nc3 Ba6 34. Qd5 Bc4 35. Qd2 Qg3 36. Nd4 Rd8 0-1


[Site "https://www.chess.com"]

[Event "Titled Tuesday Blitz March 21 Late 2023"]
[White "Marcolino, Daniel Mattos"]
[Black "Da Silva Junior, Sediney Mari"]
[WhiteFideId "2106841"]
[BlackFideId "2132079"]
[WhiteElo "2078"]
[BlackElo "1977"]
[Result "1-0"]
[Round "11"]
[TimeControl "180+2"]
[Date "2023.03.21"]
[WhiteClock "0:01:29"]
[BlackClock "0:02:03"]

1. d4 d5 2. Nf3 Nf6 3. c4 c6 4. Qc2 Bg4 5. Ne5 Bh5 6. cxd5 cxd5 7. Nc3 a6 8. Qb3 Nbd7 9. Qxb7 Nxe5 10. dxe5 Rb8 11. Qxa6 Nd7 12. e3 e6 13. Bb5 Bb4 14. O-O Bxc3 15. bxc3 O-O 16. Ba3 Re8 17. Rab1 Rb6 18. Qa4 Rb7 19. Bc6 Rc7 20. Bd6 Rxc6 21. Qxc6 Nf8 22. Rb8 Qxb8 23. Bxb8 Rxb8 24. h3 Be2 25. Ra1 Bc4 26. a4 Ng6 27. a5 Nxe5 28. Qc7 1-0